ORI
LOUISIANA STATE UNIVERSITY TIGERS @ FLORIDA STATE UNIVERSITY SEMINOLES
11/17/2047
 
TOP OF THE 1ST
University of Conneticut Huskies batting - Pitching for Florida State University Seminoles : RHP Greg Wilkinson
Pitching: RHP Greg Wilkinson
Batting: RHB Kyle Finney 0-0: Ball
1-0: Ball
2-0: Ball
3-0: Base on Balls
Batting: RHB Paul Pastrano 0-0: Grounds into double play, 4-6-3 (Groundball, 34S, EV 88.1 MPH)
Batting: RHB Roku Kawano 0-0: Ball
1-0: Ball
2-0: Ball
3-0: Called Strike
3-1: Ground out 6-3 (Groundball, 6S, EV 85.6 MPH)
Top of the 1st over - 0 runs, 0 hits, 0 errors, 0 left on base; University of Conneticut 0 - Florida State University 0
BOTTOM OF THE 1ST
Florida State University Seminoles batting - Pitching for University of Conneticut Huskies : RHP Sherwood Abernethy
Pitching: RHP Sherwood Abernethy
Batting: RHB Ray Johnson 0-0: Swinging Strike
0-1: Ground out U3 (Groundball, 34, EV 99.4 MPH)
Batting: RHB Terry Cisneros 0-0: Swinging Strike
0-1: Ball
1-1: Called Strike
1-2: Ball
2-2: Ball
3-2: Strikes out looking
Batting: RHB Larry Berge 0-0: Ball
1-0: Swinging Strike
1-1: Ball
2-1: Foul Ball, location: 2F
2-2: Strikes out swinging
Bottom of the 1st over - 0 runs, 0 hits, 0 errors, 0 left on base; University of Conneticut 0 - Florida State University 0
TOP OF THE 2ND
University of Conneticut Huskies batting - Pitching for Florida State University Seminoles : RHP Greg Wilkinson
Batting: LHB Andrew Barzee 0-0: Fly out, F8 (Flyball, 8LD, EV 106.9 MPH)
Batting: LHB Hector Acosta 0-0: Ground out 1-3 (Groundball, 13S, EV 69.4 MPH)
Batting: RHB Cullen Elliott 0-0: Ball
1-0: Ground out 5-3 (Groundball, 56, EV 107.5 MPH)
Top of the 2nd over - 0 runs, 0 hits, 0 errors, 0 left on base; University of Conneticut 0 - Florida State University 0
BOTTOM OF THE 2ND
Florida State University Seminoles batting - Pitching for University of Conneticut Huskies : RHP Sherwood Abernethy
Batting: RHB Butch Huskey 0-0: Called Strike
0-1: Called Strike
0-2: Ground out 6-3 (Groundball, 6S, EV 89.4 MPH)
Batting: RHB Jonathan Bruni 0-0: SINGLE (Line Drive, 8LS, EV 96.2 MPH)
Batting: RHB Emilio Guerra 0-0: Swinging Strike
0-1: Ball
Wild Pitch!
Jonathan Bruni to second
1-1: Ball
2-1: Swinging Strike
2-2: Foul Ball, location: 2F
2-2: Ball
3-2: Base on Balls
Batting: LHB John Doiron 0-0: Ball
1-0: Foul Ball, location: 2F
1-1: Swinging Strike
1-2: Strikes out swinging
Batting: RHB George Smienk 0-0: Ball
1-0: Called Strike
1-1: Ball
2-1: SINGLE (Groundball, 56S, EV 68.1 MPH) (infield hit)
Jonathan Bruni to third
Emilio Guerra to second
Batting: LHB Matt Stewart 0-0: Ball
1-0: Ball
2-0: Called Strike
2-1: Foul Ball, location: 2F
2-2: Foul Ball, location: 2F
2-2: Ball
3-2: Fly out, F5 (Popup, 5S, EV 74.4 MPH)
Bottom of the 2nd over - 0 runs, 2 hits, 0 errors, 3 left on base; University of Conneticut 0 - Florida State University 0
TOP OF THE 3RD
University of Conneticut Huskies batting - Pitching for Florida State University Seminoles : RHP Greg Wilkinson
Batting: LHB Omar Alba 0-0: Ball
1-0: Ball
2-0: Swinging Strike
2-1: Ball
3-1: Base on Balls
Batting: RHB Jack Vokey 0-0: Fly out, F8 (Flyball, 8RD, EV 91.9 MPH)
Batting: RHB Lee Wilbur 0-0: Ball
1-0: Fly out, F5 (Line Drive, 5L, EV 65.6 MPH)
Batting: RHB Kyle Finney 0-0: SINGLE (Groundball, 56D, EV 97.5 MPH)
Omar Alba to second
Batting: RHB Paul Pastrano 0-0: Ground out U3 (Groundball, 34S, EV 93.8 MPH)
Top of the 3rd over - 0 runs, 1 hit, 0 errors, 2 left on base; University of Conneticut 0 - Florida State University 0
BOTTOM OF THE 3RD
Florida State University Seminoles batting - Pitching for University of Conneticut Huskies : RHP Sherwood Abernethy
Batting: RHB Ray Johnson 0-0: Ball
1-0: Called Strike
1-1: Swinging Strike
1-2: Strikes out swinging
Batting: RHB Terry Cisneros 0-0: SINGLE (Groundball, 56D, EV 102.5 MPH)
Batting: RHB Larry Berge 0-0: Ball
1-0: Fielders Choice at 2nd, 3-6 (Groundball, 3S, EV 86.9 MPH)
Batting: RHB Butch Huskey 0-0: Ball
1-0: Ball
Larry Berge steals 2nd, throwing error, E2
Larry Berge to third
2-0: SINGLE (Groundball, 56D, EV 102.5 MPH)
Larry Berge scores
Batting: RHB Jonathan Bruni 0-0: Ground out 6-3 (Groundball, 6S, EV 85.6 MPH)
Bottom of the 3rd over - 1 run, 2 hits, 1 error, 1 left on base; University of Conneticut 0 - Florida State University 1
TOP OF THE 4TH
University of Conneticut Huskies batting - Pitching for Florida State University Seminoles : RHP Greg Wilkinson
Batting: RHB Roku Kawano 0-0: Ball
1-0: Called Strike
1-1: Ground out U3 (Groundball, 34, EV 87.5 MPH)
Batting: LHB Andrew Barzee 0-0: Swinging Strike
0-1: Fly out, F8 (Flyball, 89D, EV 100.0 MPH)
Batting: LHB Hector Acosta 0-0: Ground out 5-3 (Groundball, 56, EV 103.1 MPH)
Top of the 4th over - 0 runs, 0 hits, 0 errors, 0 left on base; University of Conneticut 0 - Florida State University 1
BOTTOM OF THE 4TH
Florida State University Seminoles batting - Pitching for University of Conneticut Huskies : RHP Sherwood Abernethy
Batting: RHB Emilio Guerra 0-0: Fly out, F3 (Popup, 3SF, EV 65.6 MPH)
Batting: LHB John Doiron 0-0: Ball
1-0: Ball
2-0: Called Strike
2-1: Foul Ball, location: 2F
2-2: DOUBLE (Groundball, 3L, EV 103.8 MPH)
Batting: RHB George Smienk 0-0: Called Strike
0-1: Swinging Strike
0-2: Ground out 4-3 (Groundball, 4, EV 95.6 MPH)
John Doiron to third
Batting: LHB Matt Stewart 0-0: Called Strike
0-1: Ball
1-1: Fly out, F6 (Line Drive, 6, EV 66.2 MPH)
Bottom of the 4th over - 0 runs, 1 hit, 0 errors, 1 left on base; University of Conneticut 0 - Florida State University 1
TOP OF THE 5TH
University of Conneticut Huskies batting - Pitching for Florida State University Seminoles : RHP Greg Wilkinson
Batting: RHB Cullen Elliott 0-0: Ball
1-0: Ball
2-0: Called Strike
2-1: Called Strike
2-2: Ground out 4-3 (Groundball, 4S, EV 91.9 MPH)
Batting: LHB Omar Alba 0-0: Ball
1-0: Ground out 6-3 (Groundball, 6, EV 78.1 MPH)
Batting: RHB Jack Vokey 0-0: Ball
1-0: Ball
2-0: Called Strike
2-1: Swinging Strike
2-2: Fly out, F9 (Line Drive, 89D, EV 94.4 MPH)
Top of the 5th over - 0 runs, 0 hits, 0 errors, 0 left on base; University of Conneticut 0 - Florida State University 1
BOTTOM OF THE 5TH
Florida State University Seminoles batting - Pitching for University of Conneticut Huskies : RHP Sherwood Abernethy
Pitching: RHP Miguel Perez
Batting: RHB Ray Johnson 0-0: Called Strike
0-1: Swinging Strike
0-2: Foul Ball, location: 2F
0-2: Foul Ball, location: 2RF, Error on foul ball, E2
0-2: Ball
1-2: Ball
2-2: Foul Ball, location: 2F
2-2: SOLO HOME RUN (Flyball, 7D, EV 93.8 MPH), Distance : 351 ft
Batting: RHB Terry Cisneros 0-0: Ball
1-0: Ball
2-0: Ball
3-0: Base on Balls
Batting: RHB Larry Berge 0-0: Fly out, F8 (Flyball, 8LD, EV 106.2 MPH)
Batting: RHB Butch Huskey 0-0: Ball
1-0: Fly out, F8 (Line Drive, 8LM, EV 101.9 MPH)
Batting: RHB Jonathan Bruni 0-0: Called Strike
0-1: Ball
Terry Cisneros steals 2nd base
1-1: Ball
2-1: Ball
3-1: Fly out, F4 (Popup, 4S, EV 81.2 MPH)
Bottom of the 5th over - 1 run, 1 hit, 1 error, 1 left on base; University of Conneticut 0 - Florida State University 2
TOP OF THE 6TH
University of Conneticut Huskies batting - Pitching for Florida State University Seminoles : RHP Greg Wilkinson
Batting: RHB Lee Wilbur 0-0: Ball
1-0: Called Strike
1-1: Called Strike
1-2: Ground out 5-3 (Groundball, 5S, EV 68.1 MPH)
Batting: RHB Kyle Finney 0-0: Ball
1-0: Called Strike
1-1: Called Strike
1-2: DOUBLE (Line Drive, 7LM, EV 104.4 MPH)
Batting: RHB Paul Pastrano 0-0: Fly out, F9 (Flyball, 9LS, EV 73.8 MPH)
Batting: RHB Roku Kawano 0-0: Ball
1-0: Ground out 6-3 (Groundball, P, EV 86.2 MPH)
Top of the 6th over - 0 runs, 1 hit, 0 errors, 1 left on base; University of Conneticut 0 - Florida State University 2
BOTTOM OF THE 6TH
Florida State University Seminoles batting - Pitching for University of Conneticut Huskies : RHP Miguel Perez
Batting: RHB Emilio Guerra 0-0: Called Strike
0-1: Ball
1-1: Ball
2-1: Ball
3-1: Base on Balls
Batting: LHB John Doiron 0-0: Ball
1-0: Called Strike
1-1: Called Strike
Emilio Guerra steals 2nd base
1-2: Ball
2-2: Ball
3-2: Ground out 4-3 (Groundball, 4, EV 90.6 MPH)
Emilio Guerra to third
Batting: RHB George Smienk 0-0: Ball
1-0: Foul Ball, location: 2F
1-1: Fly out, F9 (Flyball, 9D, EV 93.1 MPH)
Runner from 3rd tags up, SCORES, no throw by RF
Batting: LHB Matt Stewart 0-0: Called Strike
0-1: Ground out U3 (Groundball, 23, EV 81.9 MPH)
Bottom of the 6th over - 1 run, 0 hits, 0 errors, 0 left on base; University of Conneticut 0 - Florida State University 3
TOP OF THE 7TH
University of Conneticut Huskies batting - Pitching for Florida State University Seminoles : RHP Greg Wilkinson
Batting: LHB Andrew Barzee 0-0: Ball
1-0: Ball
2-0: Fly out, F7 (Flyball, 7D, EV 103.8 MPH)
Batting: LHB Hector Acosta 0-0: Ball
1-0: Called Strike
1-1: Swinging Strike
1-2: Strikes out swinging
Batting: RHB Cullen Elliott 0-0: Called Strike
0-1: Ball
1-1: Called Strike
1-2: Strikes out swinging
Top of the 7th over - 0 runs, 0 hits, 0 errors, 0 left on base; University of Conneticut 0 - Florida State University 3
BOTTOM OF THE 7TH
Florida State University Seminoles batting - Pitching for University of Conneticut Huskies : RHP Miguel Perez
Batting: RHB Ray Johnson 0-0: Ball
1-0: Ball
2-0: Called Strike
2-1: Foul Ball, location: 2F
2-2: Ball
3-2: Ground out 4-3 (Groundball, 4, EV 79.4 MPH)
Batting: RHB Terry Cisneros 0-0: Foul Ball, location: 2F
0-1: SOLO HOME RUN (Flyball, 7LD, EV 95.0 MPH), Distance : 336 ft
Batting: RHB Larry Berge 0-0: Called Strike
0-1: Ball
1-1: Ball
2-1: Fly out, F7 (Flyball, 78M, EV 90.0 MPH)
Batting: RHB Butch Huskey 0-0: Ball
1-0: Fly out, F9 (Flyball, 9, EV 80.6 MPH)
Bottom of the 7th over - 1 run, 1 hit, 0 errors, 0 left on base; University of Conneticut 0 - Florida State University 4
TOP OF THE 8TH
University of Conneticut Huskies batting - Pitching for Florida State University Seminoles : RHP Greg Wilkinson
Batting: LHB Omar Alba 0-0: Fly out, F7 (Line Drive, 7, EV 96.9 MPH)
Batting: RHB Jack Vokey 0-0: Called Strike
0-1: Ball
1-1: Ball
2-1: Swinging Strike
2-2: Ball
3-2: Base on Balls
Batting: RHB Lee Wilbur 0-0: Called Strike
0-1: Grounds into double play, 6-4-3 (Groundball, 6, EV 81.9 MPH)
Top of the 8th over - 0 runs, 0 hits, 0 errors, 0 left on base; University of Conneticut 0 - Florida State University 4
BOTTOM OF THE 8TH
Florida State University Seminoles batting - Pitching for University of Conneticut Huskies : RHP Miguel Perez
Batting: RHB Jonathan Bruni 0-0: Ball
1-0: Foul Ball, location: 2F
1-1: Ball
2-1: Ball
3-1: Base on Balls
Batting: RHB Emilio Guerra 0-0: Ball
1-0: Swinging Strike
1-1: Ball
2-1: Ball
3-1: Foul Ball, location: 2F
3-2: Strikes out swinging
Pitching: RHP Greg James
Batting: LHB John Doiron 0-0: Foul Ball, location: 2F
0-1: Fly out, F8 (Flyball, 78M, EV 88.1 MPH)
Batting: RHB George Smienk 0-0: Ball
1-0: Ball
2-0: Ball
3-0: Swinging Strike
3-1: Base on Balls
Jonathan Bruni to second
Batting: LHB Matt Stewart 0-0: Swinging Strike
0-1: Foul Ball, location: 2F
0-2: Foul Ball, location: 2F
0-2: SINGLE (Groundball, P, EV 99.4 MPH)
Jonathan Bruni to third
George Smienk to second
Batting: RHB Ray Johnson 0-0: Called Strike
0-1: Ball
1-1: Ground out 6-3 (Groundball, 6S, EV 83.1 MPH)
Bottom of the 8th over - 0 runs, 1 hit, 0 errors, 3 left on base; University of Conneticut 0 - Florida State University 4
TOP OF THE 9TH
University of Conneticut Huskies batting - Pitching for Florida State University Seminoles : RHP Greg Wilkinson
Batting: RHB Kyle Finney 0-0: Foul Ball, location: 2F
0-1: Ball
1-1: Ground out 5-3 (Groundball, 56, EV 105.0 MPH)
Pitching: RHP Jerry Strickland
Batting: RHB Jordan Nicholas 0-0: Swinging Strike
0-1: Foul Ball, location: 2F
0-2: SINGLE (Line Drive, 78M, EV 100.6 MPH)
Pinch Hitting: RHB Victor Nava 0-0: Grounds into double play, 4-6-3 (Groundball, 34S, EV 86.2 MPH)
Top of the 9th over - 0 runs, 1 hit, 0 errors, 0 left on base; University of Conneticut 0 - Florida State University 4
Thursday, December 15th , 2022 - OOTP Baseball 23.9 Build 102